 Dungeon Crawl Stone Soup version 0.27.1-2-g3b301248ec (webtiles) character file.

Game seed: 17097252658974828278

21 raph the Firebug (level 2, 0/15 HPs)
             Began as a Deep Elf Fire Elementalist on Sept 26, 2021.
             Slain by a bat (1 damage)
             ... on level 1 of the Dungeon.
             The game lasted 00:01:36 (645 turns).

raph the Firebug (Deep Elf Fire Elementalist)        Turns: 645, Time: 00:01:36

Health: 0/15       AC:  2    Str:  5    XL:     2   Next: 65%
Magic:  8/8        EV: 12    Int: 19    God:
Gold:   18         SH:  0    Dex: 15    Spells: 6/7 levels left

rFire    . . .     SeeInvis .   b - +1 dagger (elec)
rCold    . . .     Faith    .   (no shield)
rNeg     . . .     Spirit   .   a - +0 robe
rPois    .         Reflect  .   (no helmet)
rElec    .         Harm     .   (no cloak)
rCorr    .         Rampage  .   (no gloves)
Will     .....                  (no boots)
Stlth    ++........             (no amulet)
HPRegen  0.05/turn              (no ring)
MPRegen  0.11/turn              (no ring)

@: no status effects
A: no striking features
a: no special abilities


You were on level 1 of the Dungeon.
You visited 1 branch of the dungeon, and saw 1 of its levels.

You collected 18 gold pieces.

Inventory:

Hand Weapons
 b - a +1 dagger of electrocution (weapon)
Armour
 a - a +0 robe (worn)


   Skills:
 + Level 2.6 Dodging
 + Level 2.7 Stealth
 + Level 3.2 Spellcasting
 * Level 1.9 Conjurations
 * Level 3.6 Fire Magic


You had 6 spell levels left.
You knew the following spells:

 Your Spells              Type           Power      Damage    Failure   Level
a - Foxfire               Conj/Fire      52%        2x1d6     4%          1

Your spell library contained the following spells:

 Spells                   Type           Power      Damage    Failure   Level
 Conjure Flame            Conj/Fire      13%        6-21      14%         3
 Inner Flame              Hex/Fire       10%        N/A       22%         3
 Sticky Flame             Conj/Fire      13%        2d4       43%         4
 Fireball                 Conj/Fire      6%         3d5       78%         5


Dungeon Overview and Level Annotations

Branches:
Dungeon (1/15)

Altars:


Message History

You hit the goblin. Lightning courses through the goblin!
You kill the goblin!
The bat barely misses you.
No target in view!
No target in view!
A bat and a hobgoblin come into view.
The bat hits you but does no damage.
Found 9 gold pieces.
The bat completely misses you. The bat hits you but does no damage.
The hobgoblin hits you.
Things that are here:
a +0 club; a goblin corpse You barely miss the hobgoblin.
The bat hits you but does no damage. The hobgoblin misses you.
You hit the hobgoblin but do no damage. The hobgoblin hits you.
You hit the hobgoblin.
The hobgoblin is heavily wounded.
The bat hits you but does no damage. x2; The hobgoblin closely misses you.
You hit the hobgoblin but do no damage.
The hobgoblin is heavily wounded.
The bat closely misses you. The hobgoblin hits you.
Casting: Foxfire (safe; 4% risk of failure)
Confirm with . or Enter, or press ? or * to list all spells.
You conjure some foxfire!
The foxfire hits the bat.
The bat is severely wounded.
The hobgoblin hits you. The bat barely misses you.
You barely miss the bat.
The bat is severely wounded.
The bat hits you but does no damage. The hobgoblin hits you.
* * * LOW HITPOINT WARNING * * *
The foxfire hits the hobgoblin but does no damage.
The hobgoblin is heavily wounded.
The bat hits you.
* * * LOW HITPOINT WARNING * * *
The hobgoblin closely misses you. The bat hits you but does no damage.
The bat misses you. The bat hits you.
* * * LOW HITPOINT WARNING * * *
The bat hits you.
You die...

####....###.#..........##.#
......#.# #.###...######
#######.# #.# ##.##
#.###.####># # #..........#
#. #####.###### #.#### #.#
#.##.b..# #.###########
#........
#.....@b.g..#########)#
###########............
###########.# #ยง# #.# #.#
#.# #.# #.#


You could see a hobgoblin and a bat.

Vanquished Creatures
  2 ball pythons (D:1)
  A bat (D:1)
  4 endoplasms (D:1)
  2 hobgoblins (D:1)
  2 jackals (D:1)
  2 quokkas (D:1)
  2 frilled lizards (D:1)
  2 goblins (D:1)
  A rat (D:1)
18 creatures vanquished.

Vanquished Creatures (others)
  62 foxfires (D:1)
62 creatures vanquished.

Grand Total: 80 creatures vanquished

Notes
Turn   | Place    | Note
-------+----------+-------------------------------------------
     0 | D:1      | raph the Deep Elf Fire Elementalist began the quest for the
                  | Orb.
     0 | D:1      | Reached XP level 1. HP: 10/10 MP: 6/6
   305 | D:1      | Reached XP level 2. HP: 15/15 MP: 2/8
   645 | D:1      | Slain by a bat

Illustrated notes

Levels and vault maps discovered:
D:1:      lightli_arrival_farm, layout_loops_ring, minmay_distorted

Action                   || total
-------------------------++-------
Melee: Dagger            ||     8
 Cast: Foxfire           ||    37
Armor: Robe              ||     8
Dodge: Dodged            ||     9
